Map: Nightscape LE

Players

Lightning - Winner!

  • Race: Protoss Protoss
  • League: Platinum
  • Spawn Location: 1:00

Ich - Winner!

  • Race: Terran Terran
  • League: Diamond
  • Spawn Location: 1:00

Massa

  • Race: Terran Terran
  • League: Platinum
  • Spawn Location: 7:00

qqq

  • Race: Zerg Zerg
  • League: Platinum
  • Spawn Location: 7:00

VOD

Have the link to the VOD?

Description

Time

  • Played on: Sept. 26, 2020, 8:33 a.m.
  • Length: 16:27
Show
View Real Time Build Order
Export as new Build Order

Lightning Protoss - Winner!

Build Orders: Carriers 

Get SALT Encoding   

  12  0:01  Probe  
  13  0:17  Pylon  
  13  0:19  Probe  
  14  0:25  Assimilator  
  14  0:36  Probe  
  15  0:43  Gateway  
  15  0:52  Probe  
  16  1:04  Probe  
  16  1:06  Pylon, Assimilator  
  17  1:16  Probe (Chrono Boost)  
  18  1:28  Probe (Chrono Boost)  
  18  1:30  Cybernetics Core  
  19  1:33  Probe (Chrono Boost)  
  20  1:44  Probe  
  21  2:00  Probe  
  22  2:04  Stalker (Chrono Boost)  
  24  2:12  Probe  
  25  2:18  Stargate  
  25  2:25  Warp Gate (Chrono Boost)  
  25  2:42  Nexus  
  25  2:48  Probe  
  26  2:56  Pylon  
  26  3:00  Probe  
  26  3:02  Void Ray (Chrono Boost)  
  31  3:14  Probe  
  32  3:21  Pylon  
  32  3:26  Probe  
  33  3:38  Probe, Pylon  
  33  3:40  Void Ray  
  38  3:50  Probe, Assimilator  
  38  3:55  Probe  
  40  4:03  Probe  
  41  4:11  Pylon  
  41  4:17  Void Ray  
  45  4:30  Fleet Beacon  
  45  5:01  Probe x2  
  45  5:03  Assimilator  
  47  5:13  Probe x2  
  49  5:17  Nexus  
  49  5:21  Pylon  
  49  5:24  Pylon  
  49  5:25  Stargate  
  49  5:26  Stargate, Flux Vanes  
  49  5:33  Probe, Pylon  
  50  5:50  Probe x2  
  52  6:07  Probe x2  
  60  6:18  Carrier (Chrono Boost)  
  60  6:19  Probe x2  
  68  6:28  Carrier (Chrono Boost)  
  68  6:31  Probe x2  
  70  6:39  Pylon  
  70  6:44  Probe, Pylon  
  70  6:46  Assimilator  
  71  6:50  Assimilator  
  71  6:53  Shield Battery  
  71  6:55  Shield Battery  
  71  6:58  Shield Battery  
  77  7:02  Carrier (Chrono Boost)  
  77  7:07  Probe (Chrono Boost)  
  77  7:08  Probe (Chrono Boost)  
  79  7:12  Protoss Air Weapons Level 1 (Chrono Boost)  
  79  7:17  Probe (Chrono Boost)  
  79  7:20  Carrier (Chrono Boost)  
  81  7:25  Probe (Chrono Boost)  
  87  7:32  Probe (Chrono Boost)  
  87  7:33  Probe (Chrono Boost)  
  89  7:40  Carrier  
  95  7:52  Probe x3  
  98  8:04  Probe x2  
  100  8:07  Forge  
  100  8:10  Probe  
  101  8:16  Probe  
  102  8:21  Shield Battery  
  102  8:22  Shield Battery  
  102  8:24  Shield Battery  
  102  8:25  Carrier  
  102  8:26  Shield Battery  
  108  8:29  Shield Battery  
  108  8:50  Photon Cannon x2  
  108  8:52  Photon Cannon  
  108  8:53  Stargate  
  108  8:56  Probe, Pylon  
  108  8:57  Probe  
  110  9:13  Carrier, Protoss Air Weapons Level 2 (Chrono Boost)  
  116  9:19  Carrier  
  122  9:34  Carrier  
  128  9:46  Carrier  
  134  10:06  Nexus  
  134  10:07  Pylon  
  134  10:13  Protoss Shields Level 1 (Chrono Boost)  
  134  10:24  Carrier  
  134  10:25  Carrier  
  146  10:47  Pylon  
  146  10:50  Oracle, Pylon  
  146  10:51  Pylon  
  146  10:53  Pylon  
  146  10:54  Pylon  
  149  10:59  Pylon  
  149  11:06  Carrier  
  149  11:07  Probe x2  
  149  11:08  Probe  
  158  11:25  Mothership  
  166  11:27  Probe x3  
  166  11:28  Oracle, Carrier  
  178  11:35  Assimilator  
  178  11:39  Assimilator  
  178  11:41  Pylon  
  178  12:06  Probe  
  178  12:07  Probe x2, Robotics Facility  
  181  12:09  Carrier x2  
  181  12:10  Twilight Council  
  193  12:18  Probe  
  194  12:23  Carrier  
  194  12:56  Observer (Chrono Boost)  
  195  12:58  Protoss Shields Level 2  
  195  13:09  Observer (Chrono Boost)  
  196  13:22  Protoss Air Weapons Level 3  
  196  13:31  Robotics Bay  
  196  13:37  Photon Cannon  
  196  13:39  Photon Cannon  
  196  13:40  Photon Cannon  
  196  13:41  Photon Cannon x2  
  196  13:43  Photon Cannon, Shield Battery  
  196  13:45  Photon Cannon  
  196  13:46  Shield Battery  
  196  13:47  Shield Battery  
  196  13:51  Shield Battery  
  196  13:54  Mothership  
  196  13:55  Shield Battery  
  170  14:37  Disruptor  
  173  14:40  Carrier x4  
  173  14:45  Nexus  
  197  14:48  Assimilator  
  193  14:53  Assimilator  
  193  14:57  Pylon  
  193  15:00  Pylon  
  193  15:03  Pylon  
  193  15:08  Pylon  
  193  15:13  Disruptor  
  183  15:48  Disruptor  
Show
View Real Time Build Order
Export as new Build Order

Ich Terran - Winner!

Build Orders: Reaper Expand 

Get SALT Encoding   

  12  0:00  SCV  
  13  0:14  Supply Depot  
  13  0:18  SCV  
  14  0:30  SCV  
  15  0:37  Barracks  
  15  0:45  SCV  
  15  0:48  Refinery  
  16  0:57  SCV  
  17  1:10  SCV  
  18  1:31  Orbital Command  
  18  1:36  Command Center  
  18  1:40  Reaper  
  18  1:46  Refinery  
  19  2:06  SCV  
  20  2:10  Factory  
  20  2:18  SCV  
  21  2:30  SCV  
  22  2:52  Barracks Reactor, Orbital Command  
  22  2:54  SCV  
  22  2:56  Factory Tech Lab  
  23  3:06  SCV  
  23  3:11  Starport  
  24  3:26  Siege Tank  
  27  3:36  Marine x2  
  27  3:40  Orbital Command  
  29  3:52  Starport Tech Lab  
  29  3:54  Marine x2  
  31  4:10  Barracks  
  31  4:12  Raven, Marine x2  
  35  4:23  SCV  
  36  4:29  Marine  
  36  4:30  Marine, Command Center  
  38  4:45  Supply Depot x2  
  38  4:46  Supply Depot  
  38  5:02  Engineering Bay  
  38  5:03  Engineering Bay  
  38  5:06  SCV, Marine x2  
  41  5:07  Barracks Tech Lab  
  41  5:14  Barracks  
  41  5:17  Barracks  
  41  5:18  SCV  
  41  5:19  Medivac  
  44  5:26  Starport  
  44  5:31  SCV  
  44  5:33  Missile Turret  
  45  5:38  Missile Turret  
  45  5:43  SCV, Orbital Command  
  45  5:47  Stimpack  
  45  5:48  Marauder  
  45  5:49  Medivac  
  50  5:52  Marine  
  50  5:53  Marine  
  50  5:55  SCV  
  53  6:07  SCV, Orbital Command  
  53  6:10  Marauder  
  56  6:19  SCV  
  56  6:20  Barracks Reactor  
  56  6:21  Barracks Tech Lab  
  56  6:23  Starport Reactor  
  57  6:28  Barracks, Terran Infantry Weapons Level 1  
  57  6:31  SCV, Marauder  
  59  6:46  Medivac  
  61  6:57  Combat Shield  
  61  7:00  Refinery  
  61  7:01  SCV  
  62  7:02  Refinery  
  62  7:07  SCV  
  63  7:08  SCV  
  63  7:13  SCV  
  63  7:15  Supply Depot x2  
  65  7:16  Barracks Reactor, Supply Depot  
  65  7:19  SCV  
  65  7:20  SCV  
  65  7:22  Marine x5  
  70  7:23  Marine  
  70  7:25  SCV  
  70  7:26  Terran Infantry Armor Level 1  
  74  7:31  SCV  
  74  7:32  SCV  
  76  7:37  SCV  
  76  7:40  Marine x6  
  76  7:43  SCV  
  84  7:45  SCV  
  84  7:49  SCV  
  86  7:52  Marine x2  
  86  7:54  Siege Tank  
  86  7:55  SCV  
  86  7:57  SCV, Marine x2  
  86  7:58  Marine x4  
  99  8:10  Marine x2  
  101  8:18  Supply Depot  
  101  8:19  Supply Depot  
  101  8:22  Command Center  
  101  8:39  Marine x3, Medivac x2  
  108  8:49  Marine x4  
  108  8:50  Marine  
  113  8:57  Marine x3  
  116  9:07  Marine x5  
  114  9:15  Marine x3  
  116  9:39  SCV  
  116  9:40  SCV  
  116  9:41  Missile Turret x2  
  116  9:42  Missile Turret  
  118  9:51  SCV  
  119  9:53  SCV  
  113  10:05  SCV  
  114  10:10  Command Center  
  114  10:17  SCV  
  108  10:29  SCV  
  86  10:36  Marine x5  
  86  10:37  Marine x3  
  86  10:41  SCV  
  95  10:46  Command Center  
  95  10:53  SCV, Marine  
  95  10:54  Marine x6  
  95  10:55  Marine  
  104  11:00  Armory  
  104  11:11  Marine  
  104  11:12  Marine x3  
  108  11:19  Medivac x2  
  110  12:13  Marine  
  110  12:14  Marine x6  
  110  12:15  Marine  
  118  12:31  Marine x2  
  118  12:32  Marine x3  
  118  12:48  Orbital Command  
  61  13:02  Marine x7  
  61  13:03  Marine  
  43  13:14  SCV  
  43  13:15  SCV  
  43  13:17  SCV  
  43  13:19  Marine  
  43  13:20  Marine x7  
  43  13:24  Siege Tank  
  43  13:26  SCV  
  55  13:27  SCV  
  55  13:29  SCV, Raven  
  58  13:37  Marine x2  
  58  13:38  SCV, Marine x6  
  58  13:39  SCV  
  58  13:41  SCV  
  69  13:51  SCV x2  
  69  13:53  SCV  
  69  13:55  Marine x4  
  68  13:56  Marine x4, Siege Tank  
  68  14:03  SCV x2  
  68  14:05  SCV  
  71  14:13  Marine x5  
  71  14:14  Marine  
  77  14:28  Siege Tank  
  80  14:34  Planetary Fortress  
  80  14:35  Barracks  
  80  14:36  Barracks  
  80  14:38  Barracks  
  80  14:39  Barracks  
  80  14:41  Barracks  
  55  15:19  Marine x5  
  55  15:20  Marine x3  
  63  15:25  Marine x3  
  63  15:26  Marine  
  67  15:37  Marine x5  
  67  15:38  Marine x3  
  75  15:42  Marine  
Show
View Real Time Build Order
Export as new Build Order

Massa Terran 

Build Orders: Reaper Expand 

Get SALT Encoding   

  12  0:00  SCV  
  13  0:12  SCV  
  14  0:22  Supply Depot  
  14  0:26  SCV  
  15  0:43  SCV  
  15  0:45  Barracks  
  16  0:55  SCV  
  17  1:03  Refinery  
  17  1:08  SCV  
  18  1:20  SCV  
  20  1:34  Orbital Command  
  20  1:36  Command Center  
  19  1:45  Reaper  
  20  2:00  SCV  
  21  2:12  SCV  
  22  2:17  Marine, Supply Depot  
  23  2:25  Factory  
  23  2:35  Supply Depot  
  23  2:39  SCV  
  23  2:48  Barracks Reactor  
  23  2:50  Orbital Command  
  23  2:51  SCV  
  24  3:03  SCV  
  24  3:05  Command Center  
  25  3:15  SCV x2  
  27  3:27  SCV x2  
  29  3:35  Hellion x2  
  29  3:40  SCV x2  
  35  3:44  Barracks Tech Lab  
  35  3:47  Engineering Bay  
  35  3:52  SCV x2  
  35  3:54  Refinery  
  37  3:56  Hellion x2  
  37  4:01  Starport  
  41  4:07  Marine, Stimpack  
  42  4:11  SCV x2  
  44  4:18  Orbital Command, Hellion x2  
  44  4:23  SCV x2  
  50  4:25  Marine  
  51  4:33  Missile Turret  
  51  4:39  Widow Mine x2  
  51  4:43  Marine, Missile Turret  
  56  4:46  Missile Turret  
  56  4:57  Barracks  
  56  5:00  Marine, Missile Turret  
  56  5:04  Missile Turret  
  57  5:09  Widow Mine x2  
  49  5:16  SCV x2  
  49  5:17  SCV  
  49  5:18  Marine  
  53  5:28  SCV  
  53  5:29  SCV  
  53  5:30  Hellion x2  
  53  5:31  Terran Infantry Weapons Level 1, Missile Turret  
  59  5:35  Missile Turret  
  59  5:36  Marine  
  60  5:46  Barracks Reactor, Refinery  
  60  5:50  Combat Shield  
  60  5:54  Marauder  
  62  5:58  Barracks  
  62  6:00  Barracks  
  62  6:01  Starport Tech Lab  
  62  6:16  Marauder  
  64  6:20  Orbital Command  
  64  6:24  Armory  
  64  6:45  SCV  
  65  6:49  SCV  
  65  6:50  SCV  
  65  6:54  Barracks Reactor  
  67  6:57  Marauder  
  69  7:05  Supply Depot  
  69  7:08  Supply Depot  
  69  7:09  Refinery, Concussive Shells  
  69  7:10  Supply Depot  
  69  7:11  Supply Depot x2  
  69  7:27  Widow Mine x2, SCV x2, Marauder  
  77  7:30  SCV, Marine x2  
  77  7:35  Supply Depot  
  77  7:36  Missile Turret, Supply Depot x2  
  80  7:37  Missile Turret  
  80  7:38  Missile Turret  
  80  7:39  SCV x2  
  80  7:40  Factory  
  80  7:42  SCV  
  83  7:44  Terran Infantry Armor Level 1, Factory  
  83  7:47  Marine x3  
  83  7:48  Engineering Bay, Marine  
  83  7:49  Widow Mine x2, Marauder  
  93  7:59  Missile Turret  
  93  8:00  Missile Turret x2  
  93  8:02  Barracks Reactor  
  93  8:05  Marine x4  
  93  8:09  Marine  
  98  8:23  Starport Reactor, Terran Infantry Weapons Level 2, Marine x4  
  102  8:27  Marine  
  102  8:32  Factory Tech Lab  
  102  8:33  Thor  
  109  8:41  Marine x2  
  109  8:45  Refinery x2  
  111  8:53  Thor  
  117  8:58  Marine x5  
  117  8:59  Marine x2  
  124  9:15  Marine  
  124  9:16  Marine x2, Thor  
  133  9:22  Supply Depot  
  133  9:26  Terran Vehicle Weapons Level 1  
  133  9:30  Armory  
  133  9:36  Thor  
  133  9:37  Widow Mine  
  141  9:45  Supply Depot  
  141  9:51  Terran Infantry Armor Level 2  
  141  9:52  Command Center  
  141  9:53  Viking  
  141  9:56  Viking  
  145  10:06  Thor  
  151  10:08  Supply Depot  
  151  10:12  Supply Depot  
  151  10:15  Supply Depot  
  151  10:17  Supply Depot  
  151  10:31  Supply Depot  
  150  10:37  Viking x2  
  150  10:40  SCV x2  
  157  10:50  SCV  
  157  10:52  SCV x2  
  157  10:54  Supply Depot  
  157  10:56  Thor  
  165  10:59  Thor  
  165  11:02  SCV  
  172  11:07  Viking x2  
  172  11:08  Widow Mine x2  
  180  11:17  Supply Depot  
  180  11:25  SCV x3  
  183  11:37  SCV x3, Viking  
  188  11:40  Supply Depot  
  188  11:49  SCV x2  
  188  11:50  SCV  
  191  12:01  SCV  
  191  12:04  Terran Infantry Weapons Level 3  
  191  12:07  Terran Vehicle Weapons Level 2, Terran Vehicle And Ship Armor Level 1  
  192  12:14  Missile Turret  
  192  12:17  Missile Turret  
  192  12:37  Missile Turret  
  192  12:40  Missile Turret  
  151  13:00  Missile Turret  
  151  13:04  Missile Turret  
  149  13:06  Orbital Command  
  149  13:08  SCV x3  
  152  13:19  Marauder, Marine  
  153  13:20  SCV x3, Marine x5  
  153  13:25  Missile Turret  
  162  13:32  SCV x3  
  165  13:37  Marine x5  
  165  13:38  Marine  
  165  13:40  Marauder  
  173  13:55  Marine x6  
  168  14:02  Marauder  
  166  14:08  Thor x2  
  166  14:09  Widow Mine  
  140  14:10  Widow Mine  
  140  14:13  Marine x6  
  132  14:23  Marauder  
  134  14:28  Factory  
  134  14:31  Widow Mine x2  
  138  14:32  Factory  
  138  14:33  Refinery  
  138  14:35  Refinery  
  138  14:44  Marauder, Command Center  
  140  14:50  Thor  
  140  14:51  Thor  
  79  15:30  Widow Mine x2, Marine  
  79  15:31  Marine x6  
  79  15:33  Thor x2  
  100  15:48  Marine  
  100  15:49  Marine x6  
  106  15:51  Widow Mine x2  
  87  16:06  Marine  
  87  16:07  Marine x6  
  87  16:08  Factory Tech Lab  
Show
View Real Time Build Order
Export as new Build Order

qqq Zerg 

Build Orders: Hatch First, Swarm Host 

Get SALT Encoding   

  12  0:01  Drone  
  13  0:11  Drone  
  14  0:36  Hatchery  
  13  0:46  Drone  
  14  0:56  Spawning Pool  
  13  1:05  Overlord  
  13  1:08  Drone  
  14  1:12  Extractor  
  14  1:13  Drone  
  14  1:23  Drone  
  15  1:33  Drone  
  16  1:43  Drone  
  16  1:46  Queen  
  19  2:02  Drone  
  19  2:03  Drone  
  19  2:04  Drone x2  
  23  2:21  Drone x2  
  25  2:24  Drone, Zergling x2  
  25  2:25  Metabolic Boost  
  27  2:35  Queen  
  28  2:44  Overlord x2  
  28  2:59  Lair  
  28  3:04  Drone x2, Extractor  
  28  3:05  Drone  
  30  3:06  Drone x2  
  30  3:08  Drone  
  30  3:10  Drone  
  34  3:19  Drone  
  35  3:24  Zergling x2  
  36  3:31  Zergling x6  
  36  3:32  Drone  
  40  3:39  Drone  
  41  3:46  Zergling x2  
  41  3:48  Drone  
  43  3:59  Drone  
  43  4:01  Infestation Pit  
  43  4:06  Drone  
  44  4:20  Overlord x2  
  44  4:28  Spore Crawler  
  44  4:30  Spore Crawler  
  40  4:39  Hydralisk Den  
  38  4:48  Spore Crawler  
  37  4:56  Spore Crawler  
  37  4:58  Drone x2  
  37  4:59  Drone x4  
  43  5:00  Drone x2  
  44  5:08  Hatchery  
  44  5:10  Hydralisk x3  
  44  5:13  Muscular Augments  
  49  5:19  Hatchery  
  48  5:23  Nydus Network  
  48  5:27  Drone x3  
  50  5:35  Overlord  
  50  5:36  Overlord  
  50  5:48  Drone  
  51  5:50  Extractor  
  51  5:52  Spore Crawler  
  51  5:54  Extractor, Drone  
  49  5:57  Hydralisk x2  
  49  6:01  Overlord  
  53  6:06  Drone x3  
  56  6:12  Drone  
  57  6:19  Overlord  
  57  6:20  Drone x2  
  57  6:24  Grooved Spines  
  59  6:26  Queen  
  61  6:37  Hydralisk x2  
  65  6:41  Hive  
  65  6:42  Drone x3  
  65  6:43  Drone x3  
  65  6:45  Drone  
  72  6:50  Spore Crawler  
  72  6:52  Hydralisk  
  73  6:56  Spore Crawler  
  72  7:03  Drone  
  72  7:04  Drone, Swarm Host  
  72  7:05  Evolution Chamber  
  72  7:06  Swarm Host  
  79  7:15  Drone x4  
  82  7:16  Drone  
  82  7:21  Swarm Host  
  87  7:24  Overlord x2  
  87  7:40  Zerg Missile Weapons Level 1  
  87  7:42  Hydralisk x2  
  91  7:45  Swarm Host x2  
  91  7:46  Swarm Host x2  
  103  8:03  Nydus Canal  
  103  8:06  Overlord x4  
  103  8:07  Overlord  
  103  8:13  Drone, Spine Crawler  
  103  8:25  Hydralisk x2  
  103  8:26  Hydralisk x2  
  111  8:32  Evolution Chamber  
  110  8:37  Drone x3  
  110  8:38  Drone x3  
  110  8:39  Viper  
  110  8:40  Viper  
  122  8:41  Hydralisk  
  122  8:42  Hydralisk  
  124  9:12  Drone x3  
  125  9:18  Pneumatized Carapace  
  125  9:20  Hydralisk, Viper  
  125  9:21  Hydralisk  
  125  9:23  Drone x3, Hatchery  
  131  9:26  Extractor x2  
  131  9:27  Hatchery  
  127  9:37  Drone  
  127  9:38  Drone  
  129  9:39  Hydralisk x4  
  129  9:44  Swarm Host  
  137  10:09  Overlord x2  
  137  10:10  Overlord x5  
  106  10:42  Drone x3  
  109  10:45  Drone x3  
  112  10:55  Spore Crawler  
  111  10:58  Drone, Spore Crawler  
  111  11:00  Zerg Ground Armor Level 1, Spore Crawler  
  111  11:02  Zerg Melee Weapons Level 1  
  110  11:05  Drone x5  
  110  11:06  Drone x3  
  110  11:08  Swarm Host x2  
  110  11:09  Swarm Host  
  127  11:15  Nydus Canal  
  127  11:21  Drone  
  127  11:22  Drone x4  
  132  11:29  Drone  
  127  11:49  Viper x2  
  127  11:52  Overlord x2  
  127  11:53  Drone  
  127  11:54  Drone  
  135  11:55  Hydralisk x4  
  143  12:08  Nydus Canal  
  143  12:11  Drone x2  
  143  12:12  Drone x7  
  152  12:18  Viper  
  151  12:55  Zerg Missile Weapons Level 2  
  146  13:11  Hydralisk  
  146  13:12  Hydralisk x2  
  152  13:13  Drone x4  
  152  13:14  Drone x5  
  109  14:14  Hydralisk x2  
  109  14:15  Hydralisk  
  115  14:19  Hydralisk x3  
  115  14:24  Hydralisk x3  
  115  14:25  Drone  
  115  14:26  Drone x2, Viper x3  
  133  14:31  Spore Crawler  
  133  14:32  Spore Crawler x3  
  133  14:34  Spore Crawler  
  133  14:35  Spore Crawler  
  127  14:59  Zergling x6  
  131  15:00  Zergling x12  
  136  15:07  Spore Crawler x2  
  136  15:08  Ultralisk Cavern, Viper x3  
  136  15:09  Hydralisk x3  
  146  15:17  Hydralisk x2, Zergling x2  
  148  15:28  Viper x2  
  148  15:29  Hydralisk  
  148  15:31  Hydralisk  
  127  15:55  Hydralisk  
  127  15:56  Hydralisk x4  
  101  15:58  Drone x3  
  101  15:59  Drone  
Tags
 
Add a new tag
Caveats
  • Supply blocks, unpowered buildings, or Contaminate may cause inaccurate times.
  • Supply counts are checked every 10 seconds.